[Event "*** Titled Tuesday Blitz"]
[Site "Chess.com"]
[Date "2020.12.29"]
[Round "3"]
[White "amintabatabaei"]
[Black "Bulldog167"]
[Result "1-0"]
[WhiteElo "2915"]
[BlackElo "2684"]
[TimeControl "180+1"]
[EndTime "10:29:44 PST"]
[Termination "amintabatabaei won on time"]

1. d4 Nf6 2. Nf3 d5 3. Bf4 e6 4. e3 Bd6 5. Nbd2 O-O 6. c3 b6 7.
Ne5 Bb7 8. h4 Ne4 9. Nxe4 dxe4 10. h5 Nd7 11. Qg4 f5 12. Qg3 Nxe5 13. dxe5 Be7 14. Bc4 Bd5 15. O-O-O Bxc4 16. Rxd8 Raxd8 17. h6 g6 18. Bg5 Bxg5 19. Qxg5 Bxa2 20. Rd1 Rxd1+ 21.
Kxd1 Kf7 22. Kc2 Bd5 23. b3 Ke8 24. c4 Bc6 25. Kc3 a5 26. Qh4 Kd7 27. Qh1 Kc8 28.
Qh4 Kd7 29. Kd2 Rf7 30. Ke1 Rf8 31. Kf1 a4 32. bxa4 Bxa4 33. Ke1 Bb3 34. c5 bxc5 35.
Kd2 Bd5 36. Kc3 Rf7 37. Qh1 Rf8 38. Qb1 Ra8 39. Qb5+ Bc6 40. Qxc5 Rb8 41. Kd2 Rb2+ 42. Kc1 Rb8 43. Kc2 Bd5 44. Qa3 Bb3+ 45. Kd2 Bd5 46. Ke2 Ra8 47. Qc5 Ra2+ 48. Ke1 Ra1+ 49.
Kd2 Ra2+ 50. Kc3 Ra8 51. Qb4 Rc8 52. Qa4+ Bc6 53. Qd4+ Bd5 54. f4 Rb8 55. Qc5 Rb3+ 56. Kd2 Rb2+ 57. Ke1 Rb8 58. Kf2 Rb2+ 59. Kg3 Rb8 60. Kh4 Ke8 61. Kg5 c6 62. Qa7 Rc8 63. Kf6 1-0

[Event "*** Titled Tuesday Blitz"]
[Site "Chess.com"]
[Date "2020.12.29"]
[Round "3"]
[White "Karateloru"]
[Black "GM_LOADING"]
[Result "1-0"]
[WhiteElo "2752"]
[BlackElo "2501"]
[TimeControl "180+1"]
[EndTime "10:29:46 PST"]
[Termination "Karateloru won on time"]

1. Nf3 Nf6 2. c4 e6 3. Nc3 d5 4. d4 c6 5. e3 Nbd7 6. b3 Bd6 7.
Bb2 O-O 8. Be2 b6 9. O-O Bb7 10.
Rc1 Qe7 11. Bd3 Rad8 12. e4 dxe4 13. Nxe4 Nxe4 14. Bxe4 Nf6 15. Bb1 c5 16. d5 exd5 17.
Re1 Ne4 18. cxd5 f5 19. h3 Qf7 20. Rxe4 fxe4 21. Bxe4 Rde8 22. Ng5 Qxf2+ 23. Kh1 Qg3 24. Bxh7+ Kh8 25. Qg1 Qxg5 26. Bb1 Re2 27. Rc4 Bxd5 28.
Rg4 Bxg2+ 29. Rxg2 Qxg2+ 30. Qxg2 Rxg2 31. Kxg2 Re8 32. Kf3 Be5 33. Bc1 Bd4 34. Bf4 Re1 35. Be4 Ra1 36. a4 Rf1+ 37. Kg4 Re1 38. Bd5 Be5 39. Bd2 Re2 40. Bg5 Bf6 41. Bf4 Rd2 42. Bc4 Rd4 43. Kf5 Rd1 44. Bb8 Rd7 45. Be6 Re7 46. Bd6 Re8 47. Bg3 a6 48. h4 b5 49. axb5 axb5 50. h5 Kh7 51. Bf4 Rf8 52. Ke4 Bd4 53. Bf5+ Kh8 54. Bd7 Rd8 55. Bxb5 Rb8 56. Bc4 Rf8 57. Bd5 Bg1 58. Be6 Re8 59. Kd5 Rd8+ 60. Kc6 Rd4 61.
Be5 Rh4 62. Bf7 Bd4 63. Bd6 Rf4 64. Bxf4 1-0

[Event "*** Titled Tuesday Blitz"]
[Site "Chess.com"]
[Date "2020.12.29"]
[Round "3"]
[White "zmeeed67"]
[Black "davidkalashian"]
[Result "0-1"]
[WhiteElo "2406"]
[BlackElo "2599"]
[TimeControl "180+1"]
[EndTime "10:29:46 PST"]
[Termination "davidkalashian won on time"]

1. e4 c6 2. d4 g6 3. Be3 Bg7 4. Nc3 d6 5. Qd2 b5 6. h4 h5 7.
f3 Nd7 8. Nh3 Nb6 9. Ng5 Nf6 10.
b3 a5 11. Be2 a4 12. Kf2 Bd7 13. Rad1 Qc7 14. d5 cxd5 15. Nxb5 Qb7 16. Qb4 dxe4 17.
Nxd6+ exd6 18. Qxb6 Qxb6 19. Bxb6 axb3 20. axb3 d5 21. Bd4 Bc6 22. c4 dxc4 23. Bxc4 O-O 24. fxe4 Nxe4+ 25. Nxe4 Bxe4 26. Bxg7 Kxg7 27. Rd2 Ra5 28.
Rhd1 Rf5+ 29. Kg3 Rb8 30. Rf2 Rb7 31. Rxf5 Bxf5 32. Rf1 Be4 33. Rf4 Bc2 34. Rf2 Be4 35. Re2 f5 36. Kf4 Kf6 37. g3 Rd7 38. Ke3 Rd1 39.
Rd2 Rg1 40. Kf2 Rg2+ 41. Ke1 Rxg3 42. Rd6+ Ke5 43. Rb6 Kf4 44. Kf2 g5 45. hxg5 Rg2+ 46. Kf1 Rxg5 47. Rh6 Kg4 48. Be2+ Kh4 49. b4 f4 50. b5 f3 51. Bc4 Rc5 52. Bf7 Rxb5 53. Kf2 Rb2+ 54. Ke3 Bc6 55. Rxh5+ Kg4 56. Rh7 Re2+ 57.
Kd3 Be4+ 0-1

[Event "*** Titled Tuesday Blitz"]
[Site "Chess.com"]
[Date "2020.12.29"]
[Round "3"]
[White "Sviridov_Valery"]
[Black "CSB7"]
[Result "1-0"]
[WhiteElo "2858"]
[BlackElo "2630"]
[TimeControl "180+1"]
[EndTime "10:29:50 PST"]
[Termination "Sviridov_Valery won on time"]

1. Nf3 d5 2. g3 Nf6 3. Bg2 e6 4. O-O Be7 5. c4 O-O 6. d4 dxc4 7. Qa4 a6 8. Qxc4 b5 9. Qc2 Bb7 10. Bd2 Be4 11. Qc1 c6 12. Rd1 Nbd7 13. Nc3 Bg6 14. Nh4 Bh5 15. h3 Rc8 16. g4 Bg6 17. Nxg6 hxg6 18.
e4 c5 19. d5 exd5 20. Nxd5 Nxd5 21. exd5 Bd6 22. Bg5 Qc7 23. a4 c4 24. axb5 axb5 25.
Ra6 Ne5 26. Qc3 Nd3 27. Rxd3 cxd3 28. Qxd3 Rfe8 29. Bf3 Bf4 30. d6 Qc1+ 31. Kg2 Bxg5 32. d7 Bh4 33. Qxb5 Rf8 34. dxc8=Q Rxc8 35. Ra8 Rxa8 36. Bxa8 Qd2 37. Qb6 Kh7 38. b4 Bf6 39. Qb7 Bd4 40.
Qxf7 Qxb4 41. Be4 Qd6 42. g5 Bc5 43. h4 Qe5 44. Bxg6+ Kh8 45. Bf5 Qe7 46. Qh5+ Kg8 47. Qh7+ Kf7 48. Qg6+ Kf8 49. Be6 Qb7+ 50. Kg1 Qe7 51.
Qf5+ Ke8 52. Kg2 Bd6 53. Bd5 Kd8 54. Bf3 Kc7 55. Qd5 Qe5 56. Qf7+ Kb6 57. Qb3+ Kc7 58. Qf7+ Kb6 59. Qd5 Qxd5 60. Bxd5 Kc5 61. Ba2 Kd4 62.
Kf3 Ke5 63. Kg4 Bc5 64. f4+ Kd6 65. Kf5 Ke7 66. Kg6 Kf8 67. f5 Bf2 68. h5 Bh4 69. h6 gxh6 70. Kxh6 Bf2 71. f6 Bd4 72. Kg6 Bc3 73. Kf5 1-0

[Event "*** Titled Tuesday Blitz"]
[Site "Chess.com"]
[Date "2020.12.29"]
[Round "3"]
[White "ShahMatKanal"]
[Black "chessmachine14"]
[Result "1-0"]
[WhiteElo "2425"]
[BlackElo "2238"]
[TimeControl "180+1"]
[EndTime "10:29:50 PST"]
[Termination "ShahMatKanal won by checkmate"]

1. e4 c5 2. Nf3 e6 3. c4 Nc6 4. Nc3 a6 5. Be2 Nf6 6. O-O d6 7. d4 cxd4 8. Nxd4 Be7 9. Be3 O-O 10.
Qd2 Ne5 11. h3 Qc7 12. Rac1 b6 13. f4 Ned7 14. Bf3 Bb7 15. Nd5 exd5 16. cxd5 Qd8 17. Nc6 Bxc6 18. dxc6 Nc5 19. Qc2 Qc7 20. b4 Ne6 21. f5 Nd8 22. a4 b5 23. a5 Rc8 24.
e5 dxe5 25. Bb6 Qd6 26. Bc5 Qc7 27. Bb6 Qd6 28. c7 e4 29. Bxe4 Qxb4 30. cxd8=Q Bxd8 31. Qxc8 Bxb6+ 32. axb6 Nxe4 33. b7 Qd4+ 34. Kh2 Qd6+ 35.
Kh1 Ng3+ 36. Kg1 Qd4+ 37. Kh2 Nxf1+ 38. Rxf1 Qd6+ 39. Kh1 h6 40. Re1 Rxc8 41. bxc8=Q+ Kh7 42. Qc2 f6 43. Qe4 h5 44. Qh4 Kh6 45. Rf1 Qd3 46. Qf4+ Kh7 47. Re1 a5 48. Qf3 Qxf3 49. gxf3 Kh6 50. h4 g6 51. Rb1 b4 52. Ra1 gxf5 53. f4 Kg6 54. Rxa5 Kf7 55. Rb5 Ke6 56. Rxb4 Kd5 57. Kg2 Kc5 58. Ra4 Kd5 59. Kf3 Kc5 60. Ra5+ Kd4 61. Rxf5 Kd3 62. Rxf6 Kd2 63. Rd6+ Ke1 64.
f5 Kf1 65. Rd1# 1-0

[Event "*** Titled Tuesday Blitz"]
[Site "Chess.com"]
[Date "2020.12.29"]
[Round "3"]
[White "ExtremeLearner"]
[Black "Mazetovic"]
[Result "1/2-1/2"]
[WhiteElo "2363"]
[BlackElo "2812"]
[TimeControl "180+1"]
[EndTime "10:29:55 PST"]
[Termination "Game drawn by repetition"]

1. d4 Nf6 2. Nf3 g6 3. g3 Bg7 4.
Bg2 O-O 5. O-O d6 6. b3 a5 7. a4 Na6 8. Bb2 d5 9. Nbd2 c6 10. Re1 Nb4 11. c3 Bf5 12. cxb4 axb4 13. Nh4 Bg4 14. h3 Be6 15. Nhf3 Qc8 16. Kh2 h6 17. Rc1 Ne4 18. Nxe4 dxe4 19. Ne5 Bd5 20. e3 Qe6 21. Nc4 b5 22. axb5 cxb5 23. Nd2 Ra2 24.
Rb1 Rc8 25. Bf1 Qd7 26. Bg2 f5 27. g4 e6 28. Bc1 Rcc2 29. Ra1 Bf8 30. Rxa2 Rxa2 31.
Re2 Qc7+ 32. Kh1 Ra1 33. Re1 Bd6 34. Nf1 Qc3 35. Bd2 Rxd1 36. Bxc3 bxc3 37. Rxd1 Bxb3 38.
Rc1 c2 39. Nd2 Ba4 40. Bf1 Ba3 41. Rxc2 Bxc2 42. Bxb5 Bd1 43. Be8 Kg7 44. Kg1 Kf6 45.
gxf5 exf5 46. Nc4 Be7 47. Ne5 g5 48. Bd7 Bd6 49. Nc6 f4 50. Na5 Be2 51. Bc6 Bd3 52.
Nb3 fxe3 53. fxe3 h5 54. Nd2 Kf5 55. Bd7+ Kf6 56. Bc6 Bb4 57. Nxe4+ Kg6 58. Nf2 Bc4 59.
Be4+ Kf6 60. Bd3 Be6 61. Ne4+ Kg6 62. Nc5+ Kf6 63. Ne4+ Kg6 64. Ng3+ Kh6 65. Nf5+ Kg6 66. Nd6+ Kf6 67. Ne4+ 1/2-1/2

[Event "*** Titled Tuesday Blitz"]
[Site "Chess.com"]
[Date "2020.12.29"]
[Round "3"]
[White "rachidhuilda"]
[Black "Nuvas"]
[Result "0-1"]
[WhiteElo "2229"]
[BlackElo "2501"]
[TimeControl "180+1"]
[EndTime "10:29:57 PST"]
[Termination "Nuvas won on time"]

1. d4 Nf6 2. Bg5 Ne4 3. Bf4 d5 4. e3 c5 5. Bd3 cxd4 6. exd4 Nc6 7. c3 Bf5 8. Nf3 e6 9. O-O Bd6 10. Bxd6 Nxd6 11. Re1 O-O 12. Bxf5 Nxf5 13. Nbd2 Rc8 14.
Ne5 Nxe5 15. Rxe5 b5 16. a3 Nd6 17. Qe2 Nc4 18. Nxc4 bxc4 19. Rd1 Rb8 20. Rd2 Qf6 21. Qd1 Rb7 22. g3 Rfb8 23. Ree2 Qf5 24. Qc1 h5 25. h4 g6 26. Kg2 Kg7 27. Qc2 Qf6 28.
Qa4 Qd8 29. Qc6 Rb6 30. Qa4 Qc7 31. Qd1 Qe7 32. Qa4 a6 33. Qd1 Qf6 34. Qc1 Rb3 35.
Qe1 Qf5 36. Qc1 Qg4 37. Qb1 R8b6 38. f3 Qf5 39. Qxf5 gxf5 40. Kf2 Kf8 41. Ke3 Ke7 42. Kf4 Kf6 43. g4 fxg4 44. fxg4 hxg4 45. Kxg4 Rb8 46. Rf2+ Ke7 47. h5 Rg8+ 48. Kf4 Rbb8 49. Rh2 Kf6 50. Rdg2 Rh8 51. Rg3 Rbg8 52. Rxg8 Rxg8 53. h6 Rh8 54. h7 Kg7 55. Ke5 Rxh7 56. Rg2+ Kf8 57. Kd6 Rg7 58.
Rf2 Rg1 59. Kc6 Ke7 60. Kb6 f6 61. Kxa6 e5 62. Kb5 e4 63. a4 Ke6 64. a5 f5 65. a6 e3 66. Re2 f4 67. a7 Ra1 68.
Kb6 Kf5 69. Kc5 Ke4 70. Rh2 Rxa7 71. Rh4 e2 72. Rh2 e1=Q 0-1

[Event "*** Titled Tuesday Blitz"]
[Site "Chess.com"]
[Date "2020.12.29"]
[Round "3"]
[White "Flopezin"]
[Black "esteban062000"]
[Result "1/2-1/2"]
[WhiteElo "2348"]
[BlackElo "2199"]
[TimeControl "180+1"]
[EndTime "10:29:57 PST"]
[Termination "Game drawn by stalemate"]

1. e4 c5 2. Nf3 g6 3. d4 cxd4 4.
Nxd4 Nc6 5. c4 Nf6 6. Nc3 d6 7.
Be2 Nxd4 8. Qxd4 Bg7 9. Be3 O-O 10. Qd2 Be6 11. O-O Qa5 12. Rac1 Rfc8 13. b3 a6 14. a4 b5 15. axb5 axb5 16. Nxb5 Qxd2 17. Bxd2 Nxe4 18. Be3 Ra2 19. Bf3 Nd2 20. Bxd2 Rxd2 21. Rfd1 Rb2 22. Rd3 Bf5 23. Re3 Bh6 24. Rce1 Bxe3 25.
fxe3 Ra8 26. Bxa8 Rxb3 27. Nd4 Rc3 28. Bd5 Bd3 29. Nb5 Rc2 30. Rd1 Be2 31. Ra1 e6 32. Nd4 Rd2 33. Nxe2 Rxe2 34. Bf3 Rxe3 35. Ra6 Rc3 36.
Be2 d5 37. cxd5 exd5 38. Rd6 Rc5 39. Bf3 Kf8 40. Rxd5 Rc1+ 41. Kf2 Ke7 42. Ra5 Rc2+ 43. Kg3 Rc4 44. Ra7+ Ke8 45. Rxf7 h5 46. Rg7 h4+ 47. Kf2 Rc2+ 48. Ke3 Rc3+ 49. Kf4 Rc4+ 50. Kg5 h3 51. gxh3 Kf8 52. Rxg6 Rc5+ 53. Kg4 Kf7 54. Rg5 Rc4+ 55. Kg3 Kf6 56. Rg4 Rc3 57. h4 Rc1 58. Ra4 Rg1+ 59. Kf4 Rc1 60. Ra6+ Kg7 61. h5 Rc2 62. h4 Rc4+ 63. Kg3 Rc5 64. Ra4 Kh6 65. Rf4 Rc3 66. Kg4 Rc1 67. Rf6+ Kg7 68. Rg6+ Kf7 69. Be4 Rg1+ 70.
Kf5 Rf1+ 71. Ke5 Re1 72. h6 Rxe4+ 73. Kf5 Rf4+ 74. Kg5 Rg4+ 75. Kxg4 Kxg6 76. h5+ Kxh6 77. Kh4 Kh7 78. Kg5 Kh8 79. h6 Kh7 80. Kh5 Kh8 81. Kg6 Kg8 82. h7+ Kh8 83. Kh6 1/2-1/2

[Event "*** Titled Tuesday Blitz"]
[Site "Chess.com"]
[Date "2020.12.29"]
[Round "3"]
[White "Slovak_fighter2000"]
[Black "WinOrTilt"]
[Result "1-0"]
[WhiteElo "2480"]
[BlackElo "2104"]
[TimeControl "180+1"]
[EndTime "10:29:58 PST"]
[Termination "Slovak_fighter2000 won by resignation"]

1. e4 c6 2. Nf3 d5 3. Nc3 dxe4 4. Nxe4 Nf6 5. Nxf6+ exf6 6. d4 Be7 7. Bd3 O-O 8.
O-O Be6 9. c3 Nd7 10. Bf4 Nb6 11. Bg3 Bd6 12. Bxd6 Qxd6 13. Re1 Rfe8 14. Qc2 g6 15. h3 Nd5 16. Bf1 Nf4 17. Re3 Bf5 18. Qd2 Rxe3 19. Qxe3 Kg7 20. Nd2 Nd5 21. Nc4 Qd7 22.
Qg3 Re8 23. Nd6 Re7 24. Nxf5+ Qxf5 25. Bd3 Qf4 26. Qxf4 Nxf4 27. Bf1 b5 28. a4 b4 29.
cxb4 Ne2+ 30. Bxe2 Rxe2 31. Rc1 Rxb2 32. Rxc6 Rxb4 33.
Ra6 Rxd4 34. Rxa7 Rd1+ 35. Kh2 Ra1 36. Kg3 h5 37. Kf3 f5 38. Ra6 g5 39. g3 Ra3+ 40. Kg2 h4 41. gxh4 gxh4 42. a5 f6 43. Ra7+ Kg6 44. Ra8 Kg5 45. a6 Kf4 46. a7 Ra6 47.
Kf1 Ra2 48. Kg2 Ra6 49. Rh8 Rxa7 50. Rxh4+ Kg5 51. Rb4 Re7 52. Kg3 Rd7 53. h4+ Kh5 54. Kf4 Kg6 55. h5+ Kxh5 56. Kxf5 Rd2 57. f4 Rd6 58. Rb1 Kh6 59. Rg1 Rc6 60. Rg6+ Kh7 61. Rxf6 Rxf6+ 62. Kxf6 Kg8 63. Ke7 Kg7 64. f5 1-0

[Event "*** Titled Tuesday Blitz"]
[Site "Chess.com"]
[Date "2020.12.29"]
[Round "3"]
[White "ClydeHillKid"]
[Black "barbara25"]
[Result "1/2-1/2"]
[WhiteElo "2378"]
[BlackElo "2277"]
[TimeControl "180+1"]
[EndTime "10:29:59 PST"]
[Termination "Game drawn - insufficient material"]

1. e4 c5 2. Nf3 d6 3. d4 cxd4 4.
Nxd4 Nf6 5. Nc3 a6 6. Bd3 e5 7. Nde2 Be7 8. O-O Be6 9. Ng3 O-O 10. Nd5 Nxd5 11. exd5 Bd7 12. c4 f5 13. f4 e4 14.
Bc2 Bf6 15. Rb1 Be8 16. Be3 Nd7 17. b4 Rc8 18. Bb3 Qe7 19. Rc1 Qf7 20. c5 Kh8 21. Nxf5 Be7 22. cxd6 Rxc1 23. Qxc1 Bd8 24. Nd4 Nf6 25.
Ne6 Bd7 26. Nxf8 Qxf8 27. Qc5 h5 28. a3 Ng4 29. Bd4 Qf5 30. h3 Nh6 31. Qc3 Qg6 32. Bc2 Bf5 33. d7 Bxd7 34. Be5 Bb6+ 35. Kh1 Nf5 36.
Re1 h4 37. Kh2 e3 38. Rxe3 Bxe3 39. Qxe3 Nxe3 40. Bxg6 Nxd5 41. g3 hxg3+ 42. Kxg3 Kg8 43. Kf3 Bxh3 44. Ke4 Nb6 45. Kd4 Nd7 46. Bd6 Bg2 47. Bf5 Nf6 48. Kc5 Bc6 49. Be6+ Kh7 50. Kb6 Ne4 51.
Be5 Nd2 52. Kc7 Kg6 53. Bc8 Nc4 54. Bd4 Nxa3 55. Bxb7 Bb5 56. Kb6 Nc4+ 57. Kc5 Nd2 58. Be5 Kf5 59. Bc8+ Ke4 60. Bh3 Nb3+ 61. Kb6 Nd2 62.
Bg2+ Kf5 63. Bd5 Ne4 64. Bb7 Nd2 65. Bxa6 Be8 66. b5 Bxb5 67. Bxb5 Nf3 68. Bd7+ Ke4 69. Kc5 Nxe5 70. fxe5 Kxe5 71. Kc4 Kf4 72. Bc8 Kf3 73.
Kd3 g5 74. Kd2 g4 75. Bxg4+ 1/2-1/2

[Event "*** Titled Tuesday Blitz"]
[Site "Chess.com"]
[Date "2020.12.29"]
[Round "3"]
[White "Ural_bogatyr"]
[Black "K_A_S_T_O_R"]
[Result "1-0"]
[WhiteElo "2466"]
[BlackElo "2806"]
[TimeControl "180+1"]
[EndTime "10:30:00 PST"]
[Termination "Ural_bogatyr won on time"]

1. e4 c5 2. Nf3 d6 3. d4 cxd4 4. Qxd4 Nc6 5. Bb5 Bd7 6. Bxc6 Bxc6 7. Nc3 Nf6 8. Bg5 e6 9. O-O-O Be7 10. Qd3 Qa5 11.
h4 h6 12. Bd2 Qb6 13. Nd4 h5 14. f3 Nd7 15. Be3 Ne5 16. Qe2 Qa5 17. Nb3 Qc7 18. Nb5 Bxb5 19. Qxb5+ Qc6 20. Nd4 Qd7 21. Bf4 a6 22.
Qxd7+ Nxd7 23. Nb3 Ne5 24. Bxe5 dxe5 25. Na5 Rb8 26.
Nc4 f6 27. Nd6+ Kf8 28. Rd3 b5 29. Rhd1 g6 30. c4 bxc4 31. Nxc4 Kf7 32. Rd7 Rhc8 33. b3 Ke8 34. R1d3 Rd8 35. Rxd8+ Bxd8 36. Rd6 Ra8 37.
Rxe6+ Kd7 38. Rd6+ Kc7 39. Rd5 Be7 40. Kc2 Kc6 41.
Kc3 Bc5 42. b4 Bd4+ 43. Kb3 Kc7 44. a4 Rb8 45. Na3 Bf2 46. Nc2 Bxh4 47. Ra5 Kb7 48. Ne3 Bf2 49. Nc4 Bb6 50. Rd5 Bc7 51. Rd7 Kc6 52.
Rf7 Bd8 53. Na3 a5 54. b5+ Kc5 55. Kc3 Kd6 56. Nc4+ Ke6 57. Rg7 Rc8 58. Rxg6 Be7 59. Rh6 Bb4+ 60. Kb3 Rd8 61. Rxh5 Rd3+ 62. Kb2 Rc3 63.
Nb6 Ra3 64. Nd5 Rxa4 65. b6 Bd6 66. Rh6 Rc4 67. Rxf6+ Kd7 68. b7 Bb8 69. Nb6+ 1-0

[Event "*** Titled Tuesday Blitz"]
[Site "Chess.com"]
[Date "2020.12.29"]
[Round "3"]
[White "nubair1198"]
[Black "imdvb6307"]
[Result "0-1"]
[WhiteElo "2725"]
[BlackElo "2368"]
[TimeControl "180+1"]
[EndTime "10:30:00 PST"]
[Termination "imdvb6307 won on time"]

1. d4 d5 2. c4 c6 3. Nf3 Nf6 4.
Nc3 e6 5. Bg5 Nbd7 6. cxd5 exd5 7. e3 Qa5 8. Nd2 Bb4 9. Qc2 Ne4 10. Ndxe4 dxe4 11. Bh4 O-O 12. Bc4 Nb6 13. Be2 Nd5 14.
O-O Nxc3 15. bxc3 Bxc3 16. Rac1 Bd2 17. Rcd1 Bb4 18. f3 exf3 19. Rxf3 Be6 20. a3 Qxa3 21.
d5 cxd5 22. e4 Qa5 23. exd5 Qc5+ 24. Qxc5 Bxc5+ 25. Bf2 Bxf2+ 26. Rxf2 Bd7 27. Bf3 a5 28. Rb2 b5 29. d6 Rac8 30. Re1 Rfe8 31. Kf2 Rxe1 32.
Kxe1 b4 33. Ra2 a4 34. Kd2 a3 35. Bd5 Be6 36. Bxe6 fxe6 37. Kd3 Kf7 38. d7 Rd8 39. Kc4 Rxd7 40. Kxb4 Ra7 41. Kb3 Ke7 42. h3 e5 43. Kc2 Ke6 44. Kb1 e4 45. Rc2 Rb7+ 46. Ka1 Rb2 47. Rc4 Kd5 48. Ra4 Rxg2 49. Rxa3 Ke5 50.
Kb1 Kf4 51. Kc1 Rg3 52. Ra7 h5 53. Kd2 g6 54. Rf7+ Kg5 55. Re7 e3+ 56. Ke2 Rxh3 57.
Re6 Rg3 58. Ra6 Kh4 59. Ra4+ Kh3 60. Kf1 Rf3+ 61. Ke2 Rg3 62. Kf1 g5 63. Ra5 h4 64.
Ke2 g4 65. Ra1 Rg2+ 66. Kxe3 Kh2 67. Kf4 g3 68. Ra8 h3 69. Ra1 Rf2+ 70. Ke3 Rf7 71. Ra2+ g2 72. Ke4 Kh1 0-1

[Event "*** Titled Tuesday Blitz"]
[Site "Chess.com"]
[Date "2020.12.29"]
[Round "3"]
[White "zajka-molotok"]
[Black "davigator"]
[Result "1-0"]
[WhiteElo "2502"]
[BlackElo "2272"]
[TimeControl "180+1"]
[EndTime "10:30:00 PST"]
[Termination "zajka-molotok won by checkmate"]

1. e4 c5 2. Nf3 Nc6 3. Bb5 g6 4. O-O Bg7 5. Re1 Nf6 6. Bxc6 dxc6 7. d3 O-O 8. Bd2 Bg4 9. Bc3 Nd7 10. a4 a5 11.
Bxg7 Kxg7 12. Nbd2 e5 13. Nc4 f6 14. h3 Be6 15. b3 Qc7 16. Nfd2 Rfd8 17. Qe2 Nf8 18.
Qe3 b6 19. Rf1 g5 20. Qg3 Ng6 21. Rae1 Ra7 22. Ne3 Kh8 23. Nf5 Nf8 24. Qf3 Qf7 25. Nc4 Qc7 26. h4 Bxc4 27. bxc4 Ne6 28. hxg5 fxg5 29. g3 Rf8 30. Qh5 Qd8 31. Kg2 Raf7 32. Rh1 Nd4 33. Nxd4 Qxd4 34. f3 Qd8 35. Ref1 Qe7 36. Rf2 Rg7 37. Qh6 Rf6 38. Qh5 Qd7 39. Rh2 b5 40. cxb5 cxb5 41. axb5 Qxb5 42. Qg4 Qc6 43. Rh5 h6 44. Rf1 a4 45. Rfh1 Rgg6 46. Rxg5 a3 47. Rxh6+ Kg7 48. Rhxg6+ Rxg6 49. Rxg6+ Qxg6 50. Qd7+ Qf7 51. Qa4 a2 52. c4 Qb7 53. Qxa2 Qb4 54.
Qc2 Qe1 55. Qf2 Qd1 56. Qf1 Qd2+ 57. Kh3 Qh6+ 58. Kg2 Qd2+ 59. Qf2 Qxd3 60. Qxc5 Qe2+ 61. Qf2 Qxc4 62. Qd2 Qc5 63. Qd7+ Kh6 64. Qh3+ Kg7 65. Qg4+ Kh6 66. Qf5 Qd4 67. Kh3 Qa1 68. Kg4 Qd4 69. Qf6+ Kh7 70. Qf7+ Kh6 71. Kf5 Qf2 72. Qg6# 1-0

[Event "*** Titled Tuesday Blitz"]
[Site "Chess.com"]
[Date "2020.12.29"]
[Round "3"]
[White "OrtizAnahi2001"]
[Black "Rytenko_V"]
[Result "1-0"]
[WhiteElo "2306"]
[BlackElo "2433"]
[TimeControl "180+1"]
[EndTime "10:30:01 PST"]
[Termination "OrtizAnahi2001 won by checkmate"]

1. d4 d5 2. c4 c6 3. Nc3 Nf6 4. cxd5 cxd5 5. Nf3 Nc6 6. Bf4 Bf5 7. e3 Qb6 8. Qd2 e6 9. Bd3 Bxd3 10. Qxd3 Be7 11. O-O O-O 12. Rab1 a6 13. Rfc1 Nb4 14. Qe2 Rac8 15. Ne5 Nc6 16. Nd3 Nb4 17. Ne5 Nc6 18.
Nd3 Qa5 19. a3 b5 20. g4 b4 21. axb4 Nxb4 22. Ne5 Nc6 23. Ra1 Qb4 24. Nd3 Qb7 25. Na4 Nb4 26. Ndc5 Qb5 27. Qxb5 axb5 28. Nb6 Rc6 29.
Nbd7 Rfc8 30. Nxf6+ gxf6 31. Nb3 Rxc1+ 32. Rxc1 Rxc1+ 33. Nxc1 Kf8 34. Kf1 Ke8 35. Ke2 Kd7 36. f3 Kc6 37. e4 Na6 38. Kd2 b4 39. Kc2 Kb5 40.
b3 Kb6 41. Nd3 Kb5 42. h3 Bd8 43. Be3 Bc7 44. exd5 exd5 45. Nf4 Kc6 46. Nh5 Bd8 47. Bh6 Kd6 48. Bg7 Ke6 49. Nf4+ Kd6 50. Nh5 Ke6 51. h4 Nb8 52. Nf4+ Kd6 53. Bf8+ Kc6 54. Nd3 Nd7 55. Nxb4+ Kb5 56. Bd6 Nb6 57. Nd3 Kc6 58. Bc5 Kd7 59. b4 Nc8 60. Nf4 Bc7 61. Nxd5 Kc6 62. Nxc7 Kxc7 63. Kc3 Kc6 64. Kc4 f5 65. b5+ Kb7 66.
gxf5 Kc7 67. d5 Kd7 68. Kd4 Kc7 69. Ke5 Kd7 70. d6 Ke8 71. b6 Nxb6 72. Bxb6 h5 73. Kd5 Kd7 74. f6 Ke8 75. Kc6 Kf8 76. d7 Kg8 77. d8=Q+ Kh7 78. Qd3+ Kh6 79. Be3# 1-0

[Event "*** Titled Tuesday Blitz"]
[Site "Chess.com"]
[Date "2020.12.29"]
[Round "3"]
[White "penguingm1"]
[Black "ShapkinAnatoliy"]
[Result "1/2-1/2"]
[WhiteElo "2935"]
[BlackElo "2707"]
[TimeControl "180+1"]
[EndTime "10:30:03 PST"]
[Termination "Game drawn by stalemate"]

1. d4 Nf6 2. c4 g6 3. f3 c5 4. d5 e6 5. e4 d6 6. Nc3 exd5 7. cxd5 Bg7 8. Nge2 O-O 9. Ng3 a6 10. a4 h5 11. Bg5 Qe8 12. Qd2 Nh7 13. Bh6 h4 14. Bxg7 Kxg7 15. Bc4 Nd7 16. Nge2 Ne5 17. Bb3 h3 18. O-O hxg2 19. Kxg2 c4 20. Bc2 Qd7 21. Ng1 Qe7 22. f4 Nd3 23. Bxd3 cxd3 24. Qxd3 Bd7 25. Rae1 Kg8 26. e5 Bf5 27. Qd4 Qh4 28. Qf2 Qh5 29. Qf3 Bg4 30. Qg3 Rae8 31. h3 Bf5 32. Nf3 Kh8 33. Qh4 Qxh4 34. Nxh4 Bd7 35.
e6 fxe6 36. Nxg6+ Kg7 37. Nxf8 Kxf8 38. dxe6 Bxe6 39. f5 Bd7 40. Rxe8+ Bxe8 41. Kg3 Nf6 42. Kf4 Bc6 43. Rd1 Ke7 44. Re1+ Kf7 45. Re6 d5 46. Ne2 Bd7 47. Rb6 Bc6 48. Nd4 Nd7 49. Rb3 Nc5 50.
Rg3 Bxa4 51. Ne6 Nxe6+ 52. fxe6+ Kxe6 53. h4 Bc2 54. h5 d4 55. h6 Kd5 56. Rg7 b5 57. Rd7+ Kc4 58. Ke5 Bb1 59. Rxd4+ Kb3 60. Rd2 a5 61. Kd4 a4 62. Rh2 b4 63. h7 Bxh7 64.
Rxh7 Kxb2 65. Rh2+ Ka3 66. Kc4 b3 67. Kc3 b2 68.
Rh1 Ka2 69. Kc2 a3 70. Rd1 b1=Q+ 71. Rxb1 1/2-1/2

[Event "*** Titled Tuesday Blitz"]
[Site "Chess.com"]
[Date "2020.12.29"]
[Round "3"]
[White "BAS8892"]
[Black "TigrVShlyape"]
[Result "0-1"]
[WhiteElo "2633"]
[BlackElo "2866"]
[TimeControl "180+1"]
[EndTime "10:30:05 PST"]
[Termination "TigrVShlyape won by resignation"]

1. d4 d5 2. c4 c6 3. Nf3 Nf6 4. Nc3 a6 5. c5 g6 6. h3 Bg7 7. Bf4 O-O 8. e3 Bf5 9. Qb3 Qc8 10. Be2 Nbd7 11. O-O Ne4 12. Na4 Re8 13. Rfd1 Ra7 14. Nb6 Nxb6 15. cxb6 Ra8 16. Rac1 a5 17. Bf1 Nd6 18. a4 Qd8 19. g4 Be6 20. Ng5 Bc8 21. e4 h6 22. Bxd6 exd6 23. exd5 Qxg5 24. dxc6 bxc6 25.
b7 Bxb7 26. Qxb7 Bxd4 27. Qxc6 Qf6 28. Rc2 Kg7 29. Rcd2 Be5 30. Bg2 Rab8 31. Qf3 Rec8 32. Qxf6+ Kxf6 33. Be4 Rc4 34. Bd5 Rxa4 35. b3 Rf4 36.
Kg2 h5 37. gxh5 gxh5 38. Rc2 Rg8+ 39. Kf1 Bd4 40. Rd3 Bc5 41. Rdd2 Rg3 42. Rc4 Rxc4 43. Bxc4 Rxh3 44. Rd5 Rf3 45. Rxh5 Rxf2+ 46. Ke1 Rf4 47. Kd2 Kg6 48. Rd5 f5 49. Ke2 Kg5 50. Bd3 Kg4 51. Bb5 Re4+ 52. Kd2 f4 53. Bc6 Rb4 54. Kc2 f3 55. Rd1 f2 56. Bd5 Kg3 57. Bc4 Rb7 58.
Rd5 Re7 59. Rg5+ Kf4 60. Rg8 Re1 61. Rf8+ Kg5 62. Rf7 Be3 63. Kd3 Bf4 64. Kc3 f1=Q 65. Bxf1 Rxf1 66. Kc4 Rc1+ 67. Kb5 Rc3 68. Ka4 Be5 69.
Rf3 Rxf3 0-1

[Event "*** Titled Tuesday Blitz"]
[Site "Chess.com"]
[Date "2020.12.29"]
[Round "3"]
[White "ODreamchess"]
[Black "exoticprincess"]
[Result "1-0"]
[WhiteElo "2688"]
[BlackElo "2886"]
[TimeControl "180+1"]
[EndTime "10:30:06 PST"]
[Termination "ODreamchess won on time"]

1. d4 Nf6 2. Nf3 e6 3. Nc3 Bb4 4. Bg5 h6 5. Bxf6 Qxf6 6. e4 d6 7. Bd3 Nc6 8. O-O Bxc3 9. bxc3 O-O 10. Bb5 Bd7 11. Bxc6 Bxc6 12. Re1 e5 13. Qd3 Rfe8 14. a4 a5 15. d5 Bd7 16. c4 b6 17. Nd2 Qg6 18. Nb1 f5 19. f3 fxe4 20. fxe4 Rf8 21. Nc3 Rf4 22. Nb5 Raf8 23. Nxc7 Rf3 24. Qd2 Bh3 25. Re2 R3f4 26. Ne6 Bxe6 27. dxe6 Qxe6 28. Qd5 Qxd5 29. cxd5 Rc8 30. Rb1 Rc4 31. Rxb6 Rxa4 32. g3 Rf6 33. Kg2 Ra2 34. Rc6 a4 35. Rf2 Rxf2+ 36.
Kxf2 a3 37. Kf3 Ra1 38. Kg4 a2 39. Ra6 g6 40. Ra7 Kf8 41. Kh3 Ke8 42. Kg2 Kd8 43.
Kf2 Kc8 44. Ke2 Kb8 45. Ra3 h5 46. Kd2 g5 47. Kc3 Rh1 48. Rxa2 Rxh2 49. Kb4 Rh3 50. Ra6 Kc7 51. Ra7+ Kc8 52. Rh7 g4 53. c4 Rxg3 54.
Rxh5 Re3 55. Rh8+ Kc7 56. Rh7+ Kd8 57. c5 Rxe4+ 58. Kb5 dxc5 59. d6 Ke8 60. Kc6 Rd4 61.
Rg7 c4 62. d7+ Kf8 63. Rxg4 Rd2 64. Rxc4 Ke7 65. Rc5 Rd6+ 66. Kb5 Ke6 67. Rc7 e4 68. Kc4 e3 69. Kb3 1-0